 Dungeon Crawl Stone Soup version 0.15.2 (webtiles) character file.

44 BigRagnar the Ducker (level 3, -4/36 HPs)
             Began as a Troll Berserker on Sept 10, 2017.
             Was a Follower of Trog.
             Slain by a gnoll
             ... wielding a +0 spear
              (8 damage)
             ... on Level 2 of the Dungeon.
             The game lasted 00:13:28 (860 turns).

BigRagnar the Ducker (Troll Berserker)               Turns: 860, Time: 00:13:28

HP  -4/36        AC  5     Str 26      XL: 3   Next: 41%
MP   2/2         EV 10     Int  3      God: Trog [*.....]
Gold 77          SH  0     Dex  9      Spells:  0 memorised,  2 levels left

rFire  . . .     SeeInvis .     a - +0 hand axe
rCold  . . .     Clarity  .     b - +0 animal skin
rNeg   . . .     rCorr    .     (shield restricted)
rPois  .         rRot     .     (helmet restricted)
rElec  .         Spirit   .     (no cloak)
SustAb .         Warding  .     (gloves unavailable)
rMut   .         Stasis   .     (boots unavailable)
Gourm  +                        (no amulet)
MR     .....                    (no ring)
                                (no ring)

@: not resistant to hostile enchantments, very unstealthy
A: unfitting armour, claws 3, fast metabolism 3, gourmand, regeneration 2,
saprovore 2, shaggy fur 1, tough skin 2
a: Burn Spellbooks, Berserk, Renounce Religion


You were on level 2 of the Dungeon.
You worshipped Trog.
Trog was aware of your devotion.
You were full.

You visited 1 branch of the dungeon, and saw 2 of its levels.

You collected 77 gold pieces.

Inventory:

Hand weapons
 a - a +0 hand axe (weapon)
 g - a +0 short sword
 p - a +0 club
Missiles
 i - 5 poisoned javelins (quivered)
 l - 4 javelins
Armour
 b - a +0 animal skin (worn)
 e - a +0 leather armour
Comestibles
 c - 4 meat rations
 r - a bread ration
Scrolls
 d - 3 scrolls of remove curse
 h - a scroll of enchant weapon {unknown}
 k - a scroll of noise {unknown}
 m - a scroll of blinking {unknown}
 n - a scroll of identify {unknown}
Potions
 f - a potion of degeneration {unknown}
 j - a potion of cure mutation {unknown}
 o - a potion of restore abilities {unknown}
 q - a potion of heal wounds {unknown}


   Skills:
 + Level 2.7 Fighting
 + Level 2.7 Axes
 + Level 3.3 Dodging


You had 2 spell levels left.
You didn't know any spells.

Dungeon Overview and Level Annotations

Branches:
Dungeon (2/15)

Altars:


Innate Abilities, Weirdness & Mutations

You are too large for most types of armour.
You have claws for hands.
Your metabolism is lightning-fast.
You like to eat raw meat.
You heal very quickly.
You can eat rotten meat.
You are covered in fur (AC +1).
You have very tough skin (AC +2).


Message History

A giant cockroach comes into view.
The gnoll shouts!
A gnoll comes into view. It is wielding a spear.
The gnoll shouts!
The giant cockroach waves its antennae.
The gnoll hits you from afar with a glowing halberd!
The gnoll freezes you.
You barely miss the gnoll.
The gnoll hits you with a halberd of freezing!
The gnoll freezes you.
You barely miss the gnoll. The gnoll hits you but does no damage.
The gnoll hits you from afar with a spear.
The gnoll hits you from afar with a spear!
* * * LOW HITPOINT WARNING * * *
The gnoll closely misses you.
As you read the scroll labeled HEFRAOCV URPHAPN, it crumbles to dust.
You feel blessed for a moment.
It was a scroll of remove curse.
The gnoll barely misses you.
The gnoll hits you from afar with a spear!
You die...

#.....####
##.....## #
#####.# ##...##
#.# ##'## #.# #
########.# #..
#........##
#...#.#####...#
.......s###....#
...$...gg@.....#
.......g####..##
#...#.# #..# #..
#. #..# # # ...#
##.# #.# #.#


You could see 3 gnolls and a giant cockroach.

Vanquished Creatures
  Jessica (D:2)
  A worm (D:2)
  5 bats (D:1)
  4 goblins
  2 hobgoblins (D:2)
  2 jackals (D:2)
  A quokka (D:2)
  2 giant newts
  2 rats
20 creatures vanquished.

Notes
Turn   | Place    | Note
--------------------------------------------------------------
     0 | D:1      | BigRagnar, the Troll Berserker, began the quest for the Orb.
     0 | D:1      | Reached XP level 1. HP: 22/22 MP: 1/1
   284 | D:1      | Reached XP level 2. HP: 29/29 MP: 1/1
   590 | D:2      | Reached skill level 3 in Dodging
   714 | D:2      | Noticed Jessica
   723 | D:2      | Killed Jessica
   723 | D:2      | Reached XP level 3. HP: 23/36 MP: 2/2
   860 | D:2      | Slain by a gnoll

Action                   || total
-------------------------++-------
Melee: Hand axe          ||    76
  Use: Scroll            ||     1
  Eat: Meat ration       ||     2
